| TOP OF THE 1ST |
|
Detroit Tigers batting - Pitching for Cleveland Spiders : RHP Richard Stumpp
|
|
Pitching: RHP Richard Stumpp
|
|
|
Batting: SHB Lee Mazzilli
|
0-0: Swinging Strike 0-1: Ball 1-1: Ball 2-1: Bunted foul 2-2: Strikes out swinging
|
|
Batting: RHB Jose Hidalgo
|
0-0: Ball 1-0: Called Strike 1-1: Swinging Strike 1-2: Ball 2-2: Ball 3-2: Foul Ball, location: 2F 3-2: SINGLE (Line Drive, 8RS, EV 103.1 MPH)
|
|
Batting: SHB Tony Phillips
|
0-0: Called Strike 0-1: Ball 1-1: Ball 2-1: Ball 3-1: Foul Ball, location: 2F 3-2: Foul Ball, location: 2F 3-2: Fielders Choice at 2nd, 4-6 (Groundball, 4M, EV 91.3 MPH)
|
|
Batting: RHB Dave Kingman
|
0-0: Ball 1-0: Called Strike Tony Phillips steals 2nd, throwing error, E2 Tony Phillips to third 1-1: SINGLE (Line Drive, 34, EV 93.8 MPH) Tony Phillips scores
|
|
Batting: RHB Tack Wilson
|
0-0: Called Strike 0-1: Ball 1-1: Called Strike 1-2: Ball 2-2: Ball 3-2: Ground out 1-3 (Groundball, 15S, EV 72.5 MPH)
|
| Top of the 1st over - 1 run, 2 hits, 1 error, 1 left on base; Detroit 1 - Cleveland 0 |
| BOTTOM OF THE 1ST |
|
Cleveland Spiders batting - Pitching for Detroit Tigers : RHP Dennis Martinez
|
|
Pitching: RHP Dennis Martinez
|
|
|
Batting: LHB Terry Puhl
|
0-0: Ground out 4-3 (Groundball, 4, EV 79.4 MPH)
|
|
Batting: SHB Bump Wills
|
0-0: Ball 1-0: Foul Ball, location: 2F 1-1: Called Strike 1-2: SINGLE (Line Drive, 9S, EV 97.5 MPH)
|
|
Batting: RHB Clayton Elliott
|
0-0: Ball 1-0: Fly out, F7 (Flyball, 78S, EV 93.8 MPH)
|
|
Batting: SHB Salvador Perez
|
0-0: Foul Ball, location: 2F 0-1: Ball 1-1: Called Strike 1-2: Ball 2-2: Foul Ball, location: 2F 2-2: Foul Ball, location: 2F 2-2: Foul Ball, location: 2F 2-2: Foul Ball, location: 2F 2-2: Ground out 3-1 (Groundball, 23, EV 91.9 MPH)
|
| Bottom of the 1st over - 0 runs, 1 hit, 0 errors, 1 left on base; Detroit 1 - Cleveland 0 |
| TOP OF THE 2ND |
|
Detroit Tigers batting - Pitching for Cleveland Spiders : RHP Richard Stumpp
|
|
Batting: LHB Larry Harlow
|
0-0: Called Strike 0-1: Ball 1-1: Fly out, F4 (Popup, 34D, EV 49.4 MPH)
|
|
Batting: RHB Rusty Tillman
|
0-0: Foul Ball, location: 2F 0-1: Foul Ball, location: 2F 0-2: Fly out, F6 (Popup, 6MD, EV 68.8 MPH)
|
|
Batting: LHB Dan Graham
|
0-0: Ball 1-0: Swinging Strike 1-1: SINGLE (Groundball, 56D, EV 108.8 MPH)
|
|
Batting: RHB Mike Sproles
|
0-0: Ball 1-0: Swinging Strike 1-1: Swinging Strike 1-2: Ball 2-2: Strikes out swinging
|
| Top of the 2nd over - 0 runs, 1 hit, 0 errors, 1 left on base; Detroit 1 - Cleveland 0 |
| BOTTOM OF THE 2ND |
|
Cleveland Spiders batting - Pitching for Detroit Tigers : RHP Dennis Martinez
|
|
Batting: RHB Alan Trammell
|
0-0: Called Strike 0-1: Ball 1-1: Foul Ball, location: 2F 1-2: Foul Ball, location: 2F 1-2: Strikes out looking
|
|
Batting: RHB Tom Brunansky
|
0-0: Ground out 6-3 (Groundball, 6, EV 107.5 MPH)
|
|
Batting: RHB Kevin Bell
|
0-0: Ball 1-0: Ground out 6-3 (Groundball, 6, EV 85.0 MPH)
|
| Bottom of the 2nd over - 0 runs, 0 hits, 0 errors, 0 left on base; Detroit 1 - Cleveland 0 |
| TOP OF THE 3RD |
|
Detroit Tigers batting - Pitching for Cleveland Spiders : RHP Richard Stumpp
|
|
Batting: SHB Lee Mazzilli
|
0-0: Called Strike 0-1: Bunted foul 0-2: Ball 1-2: Foul Ball, location: 2F 1-2: Ball 2-2: Ground out 1-3 (Groundball, 13S, EV 70.0 MPH)
|
|
Batting: RHB Jose Hidalgo
|
0-0: Ball 1-0: Ground out 4-3 (Groundball, 4, EV 105.6 MPH)
|
|
Batting: SHB Tony Phillips
|
0-0: Foul Ball, location: 2F 0-1: Foul Ball, location: 2F 0-2: Ball 1-2: Hit by Pitch
|
|
Batting: RHB Dave Kingman
|
0-0: Ball Tony Phillips is caught stealing 2nd base 2-4
|
| Top of the 3rd over - 0 runs, 0 hits, 0 errors, 0 left on base; Detroit 1 - Cleveland 0 |
| BOTTOM OF THE 3RD |
|
Cleveland Spiders batting - Pitching for Detroit Tigers : RHP Dennis Martinez
|
|
Batting: RHB Gene Tenace
|
0-0: Foul Ball, location: 2F 0-1: Ball 1-1: Ball 2-1: Reached via error on a dropped throw from 1B, E1 (Groundball, 34S, EV 82.5 MPH)
|
|
Batting: RHB Jesse Barfield
|
0-0: Called Strike 0-1: Foul Ball, location: 2F 0-2: Ball 1-2: Ball 2-2: Fielders Choice at 2nd, 3-6 (Groundball, 34S, EV 88.8 MPH)
|
|
Batting: LHB Terry Puhl
|
0-0: Fielders Choice at 2nd, 1-6 (Groundball, P, EV 70.0 MPH)
|
|
Batting: SHB Bump Wills
|
0-0: Called Strike Terry Puhl steals 2nd, throwing error, E2 Terry Puhl to third 0-1: Ball 1-1: Ground out 1-3 (Groundball, 15S, EV 69.4 MPH)
|
| Bottom of the 3rd over - 0 runs, 0 hits, 2 errors, 1 left on base; Detroit 1 - Cleveland 0 |
| TOP OF THE 4TH |
|
Detroit Tigers batting - Pitching for Cleveland Spiders : RHP Richard Stumpp
|
|
Batting: RHB Dave Kingman
|
0-0: Foul Ball, location: 2F 0-1: Ground out 1-3 (Groundball, 23, EV 74.4 MPH)
|
|
Batting: RHB Tack Wilson
|
0-0: Ball 1-0: Ball 2-0: Ball 3-0: Called Strike 3-1: Called Strike 3-2: Foul Ball, location: 2F 3-2: Base on Balls
|
|
Batting: LHB Larry Harlow
|
0-0: Ball 1-0: Ball Tack Wilson steals 2nd base 2-0: Swinging Strike 2-1: Called Strike 2-2: Ball 3-2: Strikes out looking
|
|
Batting: RHB Rusty Tillman
|
0-0: Called Strike 0-1: Called Strike 0-2: Ball 1-2: Fly out, F6 (Flyball, 56D, EV 86.9 MPH)
|
| Top of the 4th over - 0 runs, 0 hits, 0 errors, 1 left on base; Detroit 1 - Cleveland 0 |
| BOTTOM OF THE 4TH |
|
Cleveland Spiders batting - Pitching for Detroit Tigers : RHP Dennis Martinez
|
|
Batting: RHB Clayton Elliott
|
0-0: Called Strike 0-1: Ball 1-1: Swinging Strike 1-2: Ground out 4-3 (Groundball, 4, EV 88.8 MPH)
|
|
Batting: SHB Salvador Perez
|
0-0: Called Strike 0-1: Ball 1-1: Ground out 5-3 (Groundball, 6S, EV 73.1 MPH)
|
|
Batting: RHB Alan Trammell
|
0-0: Foul Ball, location: 2F 0-1: Ground out 5-3 (Groundball, 56S, EV 76.9 MPH)
|
| Bottom of the 4th over - 0 runs, 0 hits, 0 errors, 0 left on base; Detroit 1 - Cleveland 0 |
| TOP OF THE 5TH |
|
Detroit Tigers batting - Pitching for Cleveland Spiders : RHP Richard Stumpp
|
|
Batting: LHB Dan Graham
|
0-0: Ball 1-0: Swinging Strike 1-1: Ball 2-1: Foul Ball, location: 2F 2-2: Strikes out swinging
|
|
Batting: RHB Mike Sproles
|
0-0: Ball 1-0: Foul Ball, location: 2F 1-1: Ground out 3-1 (Groundball, 23, EV 81.3 MPH)
|
|
Batting: SHB Lee Mazzilli
|
0-0: SINGLE (Line Drive, 34D, EV 108.1 MPH)
|
|
Batting: RHB Jose Hidalgo
|
0-0: Ball 1-0: Ball 2-0: Called Strike 2-1: Ground out 4-3 (Groundball, 4, EV 97.5 MPH)
|
| Top of the 5th over - 0 runs, 1 hit, 0 errors, 1 left on base; Detroit 1 - Cleveland 0 |
| BOTTOM OF THE 5TH |
|
Cleveland Spiders batting - Pitching for Detroit Tigers : RHP Dennis Martinez
|
|
Batting: RHB Tom Brunansky
|
0-0: Ground out 5-3 (Groundball, 5S, EV 61.9 MPH)
|
|
Batting: RHB Kevin Bell
|
0-0: Called Strike 0-1: Ball 1-1: Fly out, F8 (Flyball, 78D, EV 108.8 MPH)
|
|
Batting: RHB Gene Tenace
|
0-0: Foul Ball, location: 2F 0-1: SINGLE (Groundball, 34D, EV 104.4 MPH)
|
|
Batting: RHB Jesse Barfield
|
0-0: Ball 1-0: Ball 2-0: Foul Ball, location: 2F 2-1: DOUBLE (Groundball, 5L, EV 101.9 MPH) Gene Tenace to third Runner from 3rd tries for Home, SAFE, throw by LF to trailing runner, SAFE at third!
|
|
Batting: LHB Terry Puhl
|
0-0: Intentional Walk
|
|
Batting: SHB Bump Wills
|
0-0: Ball 1-0: Called Strike 1-1: Ground out 5-3 (Groundball, 15, EV 81.9 MPH)
|
| Bottom of the 5th over - 1 run, 2 hits, 0 errors, 2 left on base; Detroit 1 - Cleveland 1 |
| TOP OF THE 6TH |
|
Detroit Tigers batting - Pitching for Cleveland Spiders : RHP Richard Stumpp
|
|
Batting: SHB Tony Phillips
|
0-0: Ball 1-0: Ball 2-0: Ball 3-0: Called Strike 3-1: Ground out 4-3 (Groundball, 4, EV 107.5 MPH)
|
|
Batting: RHB Dave Kingman
|
0-0: Called Strike 0-1: SINGLE (Line Drive, 89S, EV 105.0 MPH)
|
|
Batting: RHB Tack Wilson
|
0-0: Ball Dave Kingman is caught stealing 2nd base 2-4 1-0: Called Strike 1-1: Ball 2-1: Ground out 6-3 (Groundball, 6, EV 106.9 MPH)
|
| Top of the 6th over - 0 runs, 1 hit, 0 errors, 0 left on base; Detroit 1 - Cleveland 1 |
| BOTTOM OF THE 6TH |
|
Cleveland Spiders batting - Pitching for Detroit Tigers : RHP Dennis Martinez
|
|
Batting: RHB Clayton Elliott
|
0-0: Called Strike 0-1: Called Strike 0-2: Ball 1-2: Strikes out swinging
|
|
Batting: SHB Salvador Perez
|
0-0: Called Strike 0-1: Swinging Strike 0-2: Ball 1-2: Ball 2-2: Ground out 1-3 (Groundball, 34S, EV 65.0 MPH)
|
|
Batting: RHB Alan Trammell
|
0-0: Ball 1-0: Fly out, F7 (Flyball, 7, EV 91.9 MPH)
|
| Bottom of the 6th over - 0 runs, 0 hits, 0 errors, 0 left on base; Detroit 1 - Cleveland 1 |
| TOP OF THE 7TH |
|
Detroit Tigers batting - Pitching for Cleveland Spiders : RHP Richard Stumpp
|
|
Batting: LHB Larry Harlow
|
0-0: Ball 1-0: Ball 2-0: Called Strike 2-1: Foul Ball, location: 2F 2-2: Ball 3-2: Strikes out swinging
|
|
Batting: RHB Rusty Tillman
|
0-0: Called Strike 0-1: Ball 1-1: Foul Ball, location: 2F 1-2: Ball 2-2: Strikes out looking
|
|
Batting: LHB Dan Graham
|
0-0: Ball 1-0: Ball 2-0: Swinging Strike 2-1: Ground out U3 (Groundball, 3, EV 86.3 MPH)
|
| Top of the 7th over - 0 runs, 0 hits, 0 errors, 0 left on base; Detroit 1 - Cleveland 1 |
| BOTTOM OF THE 7TH |
|
Cleveland Spiders batting - Pitching for Detroit Tigers : RHP Dennis Martinez
|
|
Batting: RHB Tom Brunansky
|
0-0: Called Strike 0-1: Ground out 5-3 (Groundball, 56S, EV 70.6 MPH)
|
|
Batting: RHB Kevin Bell
|
0-0: Called Strike 0-1: Ball 1-1: Ball 2-1: Swinging Strike 2-2: SINGLE (Line Drive, 7S, EV 94.4 MPH)
|
|
Batting: RHB Gene Tenace
|
0-0: Ball 1-0: SINGLE (Groundball, 4MD, EV 101.3 MPH) Kevin Bell to second Runner from 2nd tries for 3rd, SAFE, throw by CF made to third
|
|
Batting: RHB Jesse Barfield
|
0-0: Foul Ball, location: 2F 0-1: Ball 1-1: Ball 2-1: Ball 3-1: Foul Ball, location: 2F 3-2: SINGLE (Line Drive, 78S, EV 85.0 MPH) Kevin Bell scores Gene Tenace to second
|
|
Batting: LHB Terry Puhl
|
0-0: Fly out, F8 (Flyball, 78M, EV 89.4 MPH)
|
|
Batting: SHB Bump Wills
|
0-0: Foul Ball, location: 2F 0-1: Called Strike 0-2: Ground out 4-3 (Groundball, 4, EV 83.8 MPH)
|
| Bottom of the 7th over - 1 run, 3 hits, 0 errors, 2 left on base; Detroit 1 - Cleveland 2 |
| TOP OF THE 8TH |
|
Detroit Tigers batting - Pitching for Cleveland Spiders : RHP Richard Stumpp
|
|
Batting: RHB Mike Sproles
|
0-0: Swinging Strike 0-1: Called Strike 0-2: Strikes out swinging
|
|
Batting: SHB Lee Mazzilli
|
0-0: Ball 1-0: Called Strike 1-1: Ball 2-1: SINGLE (Line Drive, 89M, EV 111.3 MPH)
|
|
Pitching: RHP Joe Beckwith
|
|
|
Batting: RHB Jose Hidalgo
|
0-0: Called Strike 0-1: Ball 1-1: Fielders Choice at 2nd, 6-4 (Groundball, 6, EV 101.9 MPH)
|
|
Batting: SHB Tony Phillips
|
0-0: Ball 1-0: Foul Ball, location: 2F 1-1: Ball 2-1: Foul Ball, location: 2F 2-2: Foul Ball, location: 2F 2-2: Foul Ball, location: 2F 2-2: Foul Ball, location: 2F 2-2: Foul Ball, location: 2F 2-2: Ball 3-2: Fly out, F8 (Flyball, 8RD, EV 87.5 MPH)
|
| Top of the 8th over - 0 runs, 1 hit, 0 errors, 1 left on base; Detroit 1 - Cleveland 2 |
| BOTTOM OF THE 8TH |
|
Cleveland Spiders batting - Pitching for Detroit Tigers : RHP Dennis Martinez
|
|
Batting: RHB Clayton Elliott
|
0-0: Called Strike 0-1: Ball 1-1: Foul Ball, location: 2F 1-2: Foul Ball, location: 2F 1-2: Ball 2-2: Ball 3-2: Foul Ball, location: 2F 3-2: Foul Ball, location: 2F 3-2: Fly out, F8 (Flyball, 89D, EV 81.9 MPH)
|
|
Batting: SHB Salvador Perez
|
0-0: Swinging Strike 0-1: Ball 1-1: Swinging Strike 1-2: Foul Ball, location: 2F 1-2: Fly out, F7 (Flyball, 7, EV 92.5 MPH)
|
|
Batting: RHB Alan Trammell
|
0-0: Ground out 1-3 (Groundball, 13S, EV 70.6 MPH)
|
| Bottom of the 8th over - 0 runs, 0 hits, 0 errors, 0 left on base; Detroit 1 - Cleveland 2 |
| TOP OF THE 9TH |
|
Detroit Tigers batting - Pitching for Cleveland Spiders : RHP Joe Beckwith
|
|
Batting: LHB Greg Brock
|
0-0: Ball 1-0: Fly out, F7 (Flyball, 7LS, EV 93.8 MPH)
|
|
Batting: RHB Tack Wilson
|
0-0: Foul Ball, location: 2F 0-1: Ground out 6-3 (Groundball, 6, EV 106.3 MPH)
|
|
Batting: LHB Larry Harlow
|
0-0: Called Strike 0-1: Foul Ball, location: 2F 0-2: Foul Ball, location: 2F 0-2: Fly out, F7 (Flyball, 7LD, EV 100.0 MPH)
|
| Top of the 9th over - 0 runs, 0 hits, 0 errors, 0 left on base; Detroit 1 - Cleveland 2 |
|